Map: Cerulean Fall LE

Players

Denver

  • Race: Zerg Zerg
  • Spawn Location: 1:00

Stephano - Winner!

  • Race: Zerg Zerg
  • Spawn Location: 7:00

Event: WCS Montreal 2018

VOD

Have the link to the VOD?

Description

Time

  • Played on: Sept. 7, 2018, 8:21 p.m.
  • Length: 14:25

All games in this series

Show
View Real Time Build Order
Export as new Build Order

Denver Zerg 

Build Orders: Hatch First, Zergling Baneling 

Get SALT Encoding   

  12  0:00  Drone  
  13  0:12  Overlord  
  13  0:17  Drone  
  14  0:31  Drone x2  
  16  0:49  Hatchery  
  15  0:53  Drone  
  15  0:56  Drone  
  17  1:00  Drone  
  18  1:10  Extractor  
  17  1:14  Spawning Pool  
  17  1:18  Drone  
  17  1:21  Drone  
  18  1:28  Drone  
  19  1:39  Drone  
  20  1:50  Overlord  
  20  2:00  Drone  
  21  2:01  Queen x2  
  21  2:03  Zergling x2  
  26  2:10  Metabolic Boost  
  26  2:11  Drone  
  28  2:15  Drone  
  28  2:21  Drone  
  29  2:28  Zergling x2  
  30  2:33  Zergling x2  
  31  2:37  Zergling x2  
  31  2:43  Hatchery  
  31  2:46  Zergling x2  
  31  2:47  Zergling x2  
  33  2:52  Baneling Nest  
  33  2:55  Drone  
  33  2:59  Drone  
  33  3:06  Overlord  
  33  3:10  Drone x2  
  35  3:17  Overlord  
  35  3:24  Drone  
  35  3:26  Drone x4  
  40  3:30  Zergling x2  
  40  3:34  Queen  
  41  3:37  Baneling x3  
  41  3:40  Drone  
  44  3:47  Drone x3  
  44  3:48  Drone  
  48  3:50  Drone  
  48  3:51  Drone  
  50  3:59  Extractor  
  50  4:02  Zergling x2  
  49  4:03  Zergling x8  
  49  4:09  Drone x2  
  54  4:17  Roach Warren  
  54  4:18  Zergling x2  
  54  4:19  Extractor, Zergling x4  
  54  4:22  Drone  
  54  4:24  Drone x2  
  57  4:29  Baneling x6  
  57  4:32  Overlord  
  57  4:41  Overlord  
  57  4:52  Drone x10  
  63  5:07  Roach x5  
  63  5:08  Roach  
  63  5:14  Roach x2  
  71  5:16  Overlord  
  71  5:18  Overlord  
  71  5:21  Roach  
  71  5:26  Drone, Evolution Chamber  
  73  5:29  Lair  
  73  5:32  Drone  
  73  5:35  Drone x3  
  77  5:36  Drone  
  77  5:38  Drone x2  
  77  5:41  Zergling x2  
  81  5:43  Drone x2  
  81  5:44  Drone  
  81  5:46  Extractor  
  81  5:49  Drone x3  
  86  5:51  Overlord  
  86  5:56  Drone x2  
  86  5:57  Drone x2  
  90  6:00  Overlord  
  90  6:02  Extractor  
  90  6:03  Overlord  
  89  6:06  Zerg Missile Weapons Level 1  
  89  6:07  Pneumatized Carapace  
  89  6:11  Roach x2  
  89  6:14  Roach  
  89  6:18  Roach  
  97  6:24  Roach  
  97  6:25  Roach x5  
  109  6:26  Baneling x2  
  109  6:29  Roach  
  109  6:34  Roach x3  
  109  6:35  Glial Reconstitution  
  112  6:40  Overlord  
  105  6:49  Roach  
  105  6:51  Overlord  
  105  6:55  Overlord  
  105  7:01  Drone x3  
  108  7:04  Drone  
  108  7:05  Drone x2  
  108  7:06  Drone  
  108  7:08  Hatchery  
  111  7:10  Overlord, Ravager  
  111  7:11  Ravager x2  
  111  7:14  Overlord  
  114  7:16  Roach  
  114  7:22  Roach x3  
  122  7:28  Drone x5  
  127  7:32  Overlord  
  127  7:35  Overlord  
  127  7:37  Drone x3  
  129  7:39  Extractor  
  129  7:40  Ravager x2  
  129  7:43  Roach x2  
  135  7:53  Roach  
  135  7:54  Roach x5  
  135  7:57  Burrow  
  143  8:01  Roach x2  
  140  8:08  Roach x4  
  139  8:16  Roach x5  
  149  8:20  Roach x2  
  149  8:21  Roach  
  149  8:26  Roach x2  
  154  8:33  Roach x5  
  161  8:36  Ravager  
  158  8:41  Roach x3  
  158  8:42  Roach  
  158  8:45  Overlord  
  158  8:46  Ravager  
  167  8:53  Overlord  
  167  8:54  Overlord  
  167  8:57  Zerg Missile Weapons Level 2  
  167  9:07  Roach x4  
  173  9:13  Roach  
  173  9:14  Roach x6  
  175  9:25  Roach x7  
  165  9:33  Roach x2  
  165  9:34  Roach  
  165  9:35  Overseer  
  165  9:36  Queen  
  165  9:39  Ravager  
  165  9:40  Roach  
  165  9:41  Roach  
  170  9:47  Roach x4  
  170  9:51  Roach x2  
  182  9:54  Roach x2  
  182  9:58  Overseer  
  186  10:04  Roach x4  
  178  10:09  Roach  
  178  10:10  Roach x3  
  178  10:12  Roach  
  180  10:16  Roach x3  
  186  10:23  Roach x3  
  186  10:26  Overlord, Overseer  
  192  10:33  Overlord  
  192  10:37  Overlord  
  192  10:45  Roach x4  
  200  10:51  Overseer  
  200  10:57  Spine Crawler  
  199  11:01  Tunneling Claws  
  193  11:13  Zerg Ground Armor Level 1  
  192  11:21  Ravager x5  
  192  11:22  Ravager  
  192  11:25  Extractor  
  197  11:28  Roach x3  
  199  11:51  Overseer  
  197  11:55  Roach  
  192  12:03  Roach x4  
  198  12:10  Roach x3  
  200  12:16  Spine Crawler  
  200  12:17  Spine Crawler, Overseer  
  200  12:18  Hatchery, Overseer  
  197  12:23  Roach x7  
  197  12:24  Ravager  
  197  12:26  Roach x3  
  200  12:38  Unknown x4  
  190  12:57  Roach x5  
  190  12:58  Roach x4  
  193  13:02  Roach x10  
  193  13:03  Roach x2  
  178  13:12  Roach x19  
  184  13:15  Roach  
  181  13:21  Roach  
  181  13:22  Roach x4  
  181  13:23  Roach  
  152  13:27  Roach  
  152  13:28  Roach x9  
  152  13:33  Roach  
  158  13:38  Roach x2  
  156  13:45  Roach x2  
  156  13:46  Unknown x5, Roach x3  
  140  13:54  Roach x4  
  132  13:55  Roach x5  
  132  13:57  Roach x2  
  109  14:04  Roach x2  
Show
View Real Time Build Order
Export as new Build Order

Stephano Zerg - Winner!

Build Orders: Hatch First 

Get SALT Encoding   

  12  0:01  Drone  
  13  0:12  Overlord  
  13  0:18  Drone  
  14  0:30  Drone x2  
  16  0:48  Hatchery  
  15  0:51  Drone  
  15  0:55  Drone  
  17  1:00  Extractor  
  16  1:11  Spawning Pool  
  16  1:15  Drone  
  16  1:18  Drone  
  16  1:22  Drone  
  18  1:30  Drone  
  19  1:58  Queen  
  19  1:59  Zergling x2  
  19  2:00  Zergling x2, Queen  
  19  2:01  Zergling x4  
  27  2:06  Metabolic Boost  
  27  2:14  Overlord  
  27  2:16  Drone  
  28  2:36  Drone x4  
  32  2:43  Drone x2  
  34  2:52  Hatchery  
  33  2:59  Drone x2  
  34  3:06  Baneling Nest  
  34  3:08  Drone  
  34  3:09  Zergling x2  
  35  3:13  Overlord  
  35  3:28  Overlord  
  35  3:30  Queen  
  37  3:34  Zergling x4  
  37  3:35  Drone x3  
  42  3:49  Drone x2  
  42  3:50  Baneling  
  42  3:51  Baneling x2  
  42  3:52  Zergling x4  
  42  3:54  Drone x3  
  46  4:06  Drone x3  
  47  4:11  Extractor  
  47  4:13  Extractor, Drone  
  47  4:14  Evolution Chamber  
  47  4:16  Drone x2  
  47  4:23  Overlord  
  47  4:24  Overlord  
  47  4:25  Drone x2  
  49  4:33  Zergling x4  
  49  4:37  Zergling x4, Queen  
  55  4:43  Baneling x3  
  54  4:54  Roach Warren  
  54  4:57  Drone  
  54  4:58  Drone x6  
  54  4:59  Drone x2  
  57  5:11  Zerg Missile Weapons Level 1  
  55  5:14  Overlord  
  55  5:15  Zergling x10  
  55  5:18  Lair  
  60  5:28  Overlord x3  
  60  5:34  Roach x4  
  68  5:36  Baneling  
  68  5:37  Baneling x2  
  68  5:40  Roach  
  70  5:43  Roach x2  
  70  5:45  Roach x2  
  78  5:50  Roach  
  78  5:56  Overlord  
  80  5:58  Drone x5  
  85  6:15  Baneling x2, Drone x6  
  91  6:25  Drone x4  
  95  6:29  Glial Reconstitution  
  95  6:35  Drone x3  
  93  6:49  Drone x9  
  93  6:51  Extractor x2  
  92  6:54  Roach  
  92  6:56  Pneumatized Carapace  
  94  7:06  Roach x5  
  104  7:09  Zerg Missile Weapons Level 2  
  104  7:10  Extractor  
  104  7:13  Evolution Chamber  
  102  7:17  Drone  
  102  7:18  Drone x3  
  102  7:19  Hatchery, Drone  
  102  7:21  Overseer  
  104  7:26  Roach x3  
  110  7:31  Roach x2  
  110  7:32  Overlord x2  
  110  7:34  Overlord  
  114  7:37  Overlord  
  114  7:40  Zerg Ground Armor Level 1  
  114  7:50  Roach x7  
  127  7:54  Roach  
  128  8:01  Roach x6  
  138  8:08  Roach x6  
  145  8:15  Roach  
  145  8:18  Overlord x2  
  144  8:28  Hatchery  
  144  8:32  Roach  
  144  8:33  Tunneling Claws  
  143  8:35  Overlord, Burrow  
  143  8:45  Roach x10  
  143  8:46  Overseer  
  161  8:49  Overlord x2  
  161  8:53  Ravager x2  
  161  8:54  Roach  
  161  8:55  Roach  
  169  9:02  Roach  
  169  9:07  Roach x5  
  169  9:08  Roach x2  
  175  9:14  Roach x4  
  167  9:23  Roach x3  
  163  9:30  Roach x6  
  157  9:32  Roach  
  157  9:37  Roach x2  
  159  9:41  Roach x40  
  159  9:43  Roach x4  
  159  9:45  Roach x39  
  167  9:47  Roach x2  
  171  9:56  Roach x2  
  181  10:07  Roach x7  
  181  10:13  Roach x4  
  187  10:16  Roach  
  187  10:17  Overlord x2, Roach  
  191  10:28  Overlord x2  
  191  10:37  Ravager  
  191  10:38  Zerg Ground Armor Level 2  
  192  10:48  Roach x4  
  200  10:52  Roach x9  
  200  10:53  Roach  
  200  11:07  Spine Crawler, Roach x9  
  200  11:08  Spine Crawler, Roach  
  190  11:19  Roach x5  
  190  11:20  Roach x21  
  190  11:22  Roach x4  
  190  11:23  Overlord  
  200  11:31  Ravager x4  
  200  11:58  Roach x44  
  200  12:00  Roach x10  
  194  12:02  Overlord  
  194  12:04  Roach x3  
  200  12:09  Hydralisk Den  
  195  12:19  Ravager x5  
  200  12:48  Roach x2  
  199  12:57  Roach x5  
  199  12:58  Roach x28  
  194  13:00  Roach x6  
  194  13:05  Roach x13  
  199  13:11  Roach  
  199  13:12  Roach x8  
  200  13:16  Roach  
  192  13:26  Roach x9  
  180  13:36  Roach x3  
  176  13:42  Roach x3  
  162  13:54  Roach  
  162  13:55  Roach x6  
  149  13:56  Roach x5  
  149  14:02  Roach  
Tags
 
Add a new tag
Caveats
  • Supply blocks, unpowered buildings, or Contaminate may cause inaccurate times.
  • Supply counts are checked every 10 seconds.